 Dungeon Crawl Stone Soup version 0.27.1-2-g3b301248ec (webtiles) character file.

Game seed: 1902265439507660672

6575 pkoi the Carver (level 10, -8/117 HPs)
             Began as a Minotaur Gladiator on Sept 27, 2021.
             Was a Believer of Dithmenos.
             Mangled by a large abomination (22 damage)
             ... on level 2 of the Abyss.
             The game lasted 00:11:55 (10842 turns).

pkoi the Carver (Minotaur Gladiator)               Turns: 10842, Time: 00:11:56

Health: -8/117     AC: 21    Str: 21    XL:     10   Next: 71%
Magic:  0/9        EV: 10    Int:  5    God:    Dithmenos [**....]
Gold:   553        SH:  0    Dex: 15    Spells: 9/9 levels left

rFire    + . .     SeeInvis .   a - +0 great sword
rCold    . . .     Faith    .   (shield currently unavailable)
rNeg     . . .     Spirit   +   z - +0 plate armour
rPois    .         Reflect  .   (helmet restricted)
rElec    .         Harm     .   m - +0 cloak
rCorr    .         Rampage  .   u - +2 pair of gloves
Will     +....                  h - +1 pair of boots
Stlth    ..........             t - amulet of guardian spirit
HPRegen  0.29/turn              k - ring of willpower
MPRegen  0.11/turn              n - ring of protection from fire

@: brilliant, berserking, wreathed by umbra, very quick
A: horns 2, retaliatory headbutt, talons 1, agile 1
a: Renounce Religion, Shadow Step


You were on level 2 of the Abyss.
You worshipped Dithmenos.
Dithmenos was pleased with you.
You visited 2 branches of the dungeon, and saw 10 of its levels.
You visited the Abyss 1 time.

You collected 553 gold pieces.

Inventory:

Hand Weapons
 a - a +0 great sword (weapon)
 b - a +0 shortbow
 p - the +5 hunting sling of Defence by Offence {vorpal, rCorr Int+3 Dex+6}
   (You found it on level 5 of the Dungeon)

   Any ammunition fired from it inflicts extra damage upon your enemies.
   Int:       It affects your intelligence (+3).
   Dex:       It affects your dexterity (+6).
   rCorr:     It protects you from acid and corrosion.
 v - a +1 long sword
Missiles
 d - 6 throwing nets (quivered)
 y - 4 boomerangs of dispersal
 C - 65 poisoned darts
 D - 163 arrows
Armour
 c - a +0 hat
 h - a +1 pair of boots (worn)
 m - a +0 cloak (worn)
 u - a +2 pair of gloves (worn)
 z - a +0 plate armour (worn)
Jewellery
 f - the ring "Mibixuob" {Fly rF++}
   (You acquired it on level 7 of the Dungeon)

   [ring of flight]

   rF:        It greatly protects you from fire.
   Fly:       It grants you flight.
 j - a ring of ice
 k - a ring of willpower (left hand)
 n - a ring of protection from fire (right hand)
 t - an amulet of guardian spirit (around neck)
Wands
 r - a wand of polymorph (3)
 x - a wand of iceblast (13)
Scrolls
 g - 2 scrolls of fear
 i - a scroll of enchant weapon
 o - a scroll of teleportation
 A - 2 scrolls of amnesia
 G - a scroll of identify
Potions
 e - a potion of lignification
 l - 2 potions of haste
 q - a potion of cancellation
 s - a potion of resistance
 B - a potion of magic


   Skills:
 + Level 4.1 Fighting
 + Level 13.6 Long Blades
 + Level 2.7 Bows
 - Level 2.0 Throwing
 - Level 9.2 Armour
 - Level 9.2 Dodging


You had 9 spell levels left.
You didn't know any spells.
Your spell library contained the following spells:

 Spells                   Type           Power      Damage    Failure   Level
 Sandblast                Erth           0%         2d4       100%        1
 Shock                    Conj/Air       0%         1d3       100%        1
 Sting                    Tmut/Pois      0%         1d3       100%        1
 Passwall                 Tmut/Erth      0%         N/A       100%        2
 Poisonous Vapours        Pois/Air       0%         N/A       100%        2
 Slow                     Hex            0%         N/A       100%        2
 Static Discharge         Conj/Air       0%         N/A       100%        2
 Confusing Touch          Hex            0%         N/A       100%        3
 Swiftness                Air            0%         N/A       100%        3
 Vampiric Draining        Necr           0%         2d6       100%        3
 Airstrike                Air            0%         N/A       100%        4
 Olgreb's Toxic Radiance  Pois           0%         N/A       100%        4
 Lee's Rapid Deconstruct  Erth           0%         3d5*      100%        5
 Lightning Bolt           Conj/Air       0%         1d11      100%        5
 Maxwell's Capacitive Co  Air            0%         ∞         100%        8


Dungeon Overview and Level Annotations

Branches:
Dungeon (9/15)             Temple (1/1) D:6            Lair (0/6) D:8
    Orc (0/2) D:9

Altars:
Ashenzari
Cheibriados
Dithmenos
Elyvilon
Fedhas
Gozag
Hepliaklqana
Kikubaaqudgha
Makhleb
Nemelex Xobeh
Okawaru
Ru
Sif Muna
Trog
Uskayaw
Wu Jian
Xom
Yredelemnul
Zin
The Shining One

Shops:
D:5 :   D:9 [

Annotations:
D:5 2 transporters, Urokeeper's ghost, novice OpBr
D:9 Erolcha


Innate Abilities, Weirdness & Mutations

You have a pair of horns on your head.
You reflexively headbutt those who attack you in melee.
You have sharp toenails.
You are agile. (Dex +2)


Message History

There is an open door here.
Found a corrupted altar of Lugonu.
A large abomination comes into view.
Found a gateway leading deeper into the Abyss.
You start waiting.
A large abomination is nearby!
The large abomination hits you but does no damage.
You barely miss the large abomination.
Your headbutt misses the large abomination.
You barely miss the large abomination.
You headbutt the large abomination, but do no damage.
The large abomination hits you!
You barely miss the large abomination. You barely miss the large abomination.
The large abomination hits you!!
You slash the large abomination!
The large abomination is lightly damaged.
The large abomination hits you!!
* * * LOW HITPOINT WARNING * * *
You closely miss the large abomination.
Your headbutt misses the large abomination.
The large abomination is lightly damaged.
You slash the large abomination!
The large abomination is moderately damaged.
The large abomination hits you!
* * * LOW HITPOINT WARNING * * *
Unknown command.
It was a potion of brilliance.
You feel clever all of a sudden.
It was a potion of mutation.
You feel extremely strange. The horns on your head grow some more.
Your +0 hat falls away!
You feel agile. The horns on your head shrink a bit.
Your toenails lengthen and sharpen.
The large abomination hits you!
* * * LOW HITPOINT WARNING * * *
It was a potion of berserk rage.
A red film seems to cover your vision as you go berserk!
You feel yourself moving faster!
You feel mighty! The large abomination hits you!!
You die...

# # # ># #. # .
#. . #. #. # #
#...##. ### ##.
#..#.# . . ..
###..#.##### #
.#.
#..#X........##
## .
#..@##....# ..#
##..# ... .
..### #
#######... .# #
# # #...#.## #
#. ..##. . .
.#.#.#### ..
X## .## # . . .
#.. . ## #..


You could see a large abomination.

Vanquished Creatures
  Harold (D:8)
  A two-headed ogre (D:8)
  A troll (D:9)
  4 yaks
  A wyvern (D:9)
  2 steam dragons
  Menkaure (D:6)
  2 water moccasins (D:7)
  An ice beast (D:6)
  2 hornet zombies (D:7)
  5 orc warriors
  3 ogres
  3 necrophages
  3 black bears
  3 centaurs
  A phantom (D:6)
  4 kobold brigands
  4 bullfrogs
  5 scorpions
  A wyvern skeleton (D:7)
  7 howler monkeys
  4 hounds
  A jelly (D:8)
  An orc priest (D:6)
  2 bullfrog skeletons
  A gnoll shaman (D:7)
  An iguana (D:5)
  6 orc wizards
  2 killer bee zombies
  A hound zombie (D:5)
  3 hound skeletons
  4 gnolls (D:7)
  A howler monkey skeleton (D:6)
  7 adders
  A white imp (D:5)
  An ufetubus (D:6)
  3 adder skeletons (D:3)
  A worm (D:5)
  2 dart slugs
  22 orcs
  8 endoplasms
  5 giant cockroaches
  3 hobgoblins
  9 jackals
  5 quokkas
  4 ball pythons
  2 ball python skeletons (D:3)
  3 ball python zombies (D:3)
  5 bats
  4 frilled lizards
  5 goblins
  22 kobolds
  A quokka skeleton (D:3)
  3 rats (D:1)
198 creatures vanquished.

Vanquished Creatures (others)
  A bullfrog (D:9)
  3 kobolds (D:9)
  24 fungi (D:8)
  13 plants (D:8)
41 creatures vanquished.

Grand Total: 239 creatures vanquished

Notes
Turn   | Place    | Note
-------+----------+-------------------------------------------
     0 | D:1      | pkoi the Minotaur Gladiator began the quest for the Orb.
     0 | D:1      | Reached XP level 1. HP: 18/18 MP: 0/0
   321 | D:1      | Reached skill level 4 in Long Blades
   326 | D:1      | Reached XP level 2. HP: 24/25 MP: 1/1
   535 | D:1      | Reached skill level 1 in Armour
   737 | D:1      | Found a faded altar of an unknown god.
  1139 | D:2      | Reached XP level 3. HP: 29/30 MP: 2/2
  1952 | D:3      | Reached skill level 5 in Long Blades
  1952 | D:3      | Reached XP level 4. HP: 34/37 MP: 3/3
  2299 | D:3      | Found a shadowy altar of Dithmenos.
  2325 | D:3      | Became a worshipper of Dithmenos the Shadowed
  2587 | D:4      | Reached XP level 5. HP: 42/42 MP: 4/4
  2753 | D:4      | Reached skill level 6 in Long Blades
  3080 | D:4      | Noticed a necrophage
  3086 | D:4      | Killed a necrophage
  3087 | D:4      | Reached XP level 6. HP: 50/50 MP: 5/5
  3115 | D:4      | Noticed an orc warrior
  3411 | D:5      | Entered Level 5 of the Dungeon
  3432 | D:4      | Identified the +3 leather armour of Winter {rCorr}
  3520 | D:5      | Found Irgha's Book Emporium.
  3611 | D:5      | Identified the +5 hunting sling of Defence by Offence
                  | {vorpal, rCorr Int+3 Dex+6}
  3626 | D:5      | Found a snail-covered altar of Cheibriados.
  3779 | D:5      | Found a transporter.
  3779 | D:5      | Found a transporter.
  3783 | D:5      | Reached skill level 7 in Long Blades
  3783 | D:5      | Reached skill level 5 in Dodging
  3794 | D:5      | Noticed Urokeeper's ghost (novice OpBr)
  4057 | D:5      | Reached * piety under Dithmenos
  4058 | D:5      | Reached XP level 7. HP: 5/56 MP: 6/6
  4602 | D:6      | Reached skill level 8 in Long Blades
  4834 | D:6      | Reached skill level 5 in Armour
  4914 | D:6      | Reached XP level 8. HP: 14/62 MP: 7/7
  5179 | D:6      | Reached skill level 9 in Long Blades
  5336 | D:6      | Noticed Menkaure
  5344 | D:6      | Killed Menkaure
  5496 | D:6      | Found a staircase to the Ecumenical Temple.
  5624 | Temple   | Entered the Ecumenical Temple
  5844 | D:6      | Reached skill level 10 in Long Blades
  6218 | D:7      | Reached ** piety under Dithmenos
  6293 | D:7      | Reached XP level 9. HP: 49/68 MP: 6/8
  6566 | D:7      | Reached skill level 11 in Long Blades
  7172 | D:7      | Found an opulent altar of Gozag.
  7646 | D:7      | Identified a scroll of acquirement
  7646 | D:7      | Acquired the ring "Mibixuob" {Fly rF++}
  7892 | D:4      | Found a sacrificial altar of Ru.
  8024 | D:8      | Found a flagged portal.
  8074 | D:8      | Noticed a two-headed ogre
  8083 | D:8      | Killed a two-headed ogre
  8084 | D:8      | Reached skill level 12 in Long Blades
  8510 | D:8      | Reached XP level 10. HP: 73/74 MP: 9/9
  8633 | D:8      | Noticed Harold
  8638 | D:8      | Found a staircase to the Lair.
  8654 | D:8      | Killed Harold
  8704 | D:7      | Reached skill level 13 in Long Blades
  9608 | D:9      | Found a bloodstained altar of Trog.
  9871 | D:9      | Found Lixzesou's Armour Emporium.
  9954 | D:9      | Found a staircase to the Orcish Mines.
 10087 | D:9      | Reached skill level 1 in Bows
 10458 | D:9      | Noticed Erolcha
 10785 | D:9      | Cast into level 2 of the Abyss (Erolcha)
 10791 | Abyss:2  | Found a corrupted altar of Lugonu.
 10841 | Abyss:2  | Gained mutation: You have a pair of large horns on your
                  | head. [potion of mutation]
 10841 | Abyss:2  | Gained mutation: You are agile. (Dex +2) [potion of
                  | mutation]
 10841 | Abyss:2  | Lost mutation: You have a pair of large horns on your head.
                  | [potion of mutation]
 10841 | Abyss:2  | Gained mutation: You have sharp toenails. [potion of
                  | mutation]
 10842 | Abyss:2  | Mangled by a large abomination

Illustrated notes

Levels and vault maps discovered:
D:1:      lightli_arrival_windingriver, layout_basic,
          hellmonk_ecumenical_altar_blasted
D:2:      layout_loops_ring, kennysheep_generic_room_10
D:3:      layout_rooms, mainiacjoe_overflow_brackets, serial_undead,
          serial_undead_e, serial_undead_c, serial_undead_d, serial_undead_a,
          serial_undead_f, serial_undead_e, serial_undead_f, serial_undead_a
D:4:      layout_basic, lemuel_doored_altar
D:5:      layout_gridville, slow_altar_1, gammafunk_ghost_hive, serial_shops,
          nicolae_shop_trees
D:6:      layout_loops_cross, minmay_temple_entry_poolview,
          minmay_misc_feat_roman, hangedman_abyss_or_decor_lesser_grid,
          uniq_menkaure
D:7:      layout_basic, nicolae_gozag_seed_capital, minmay_increasing_density
D:8:      layout_cave_pools, grunt_lair_entry_orc_guard_hut, enter_bailey_2,
          uniq_harold
D:9:      layout_basic, nicolae_overflow_hidden_temple,
          mainiacjoe_overflow_boulevard, orc_david_3, serial_rivers,
          chequers_serial_rivers_room_b, chequers_serial_rivers_small_b,
          chequers_serial_rivers_large_a, chequers_serial_rivers_micro_a,
          uniq_erolcha
Temple:   regret_index_temple_waves
Abyss:2:  base:
D:6

Skill      XL: |  1  2  3  4  5  6  7  8  9 10 |
---------------+-------------------------------+-----
Long Blades    | 4 5 6 7 8 10 12 13 | 13.6
Armour         | 1 2 3 4 5 6 8 9 |  9.2
Dodging        | 4 5 6 7 8 9 |  9.2
Fighting       | 4 |  4.1
Bows           | 2 |  2.7
Throwing       | |  2.0

Action                   |  1- 3 |  4- 6 |  7- 9 | 10-12 || total
-------------------------+-------+-------+-------+-------++-------
Melee: Long sword        |    99 |   143 |   165 |       ||   407
       Headbutt          |    18 |    27 |    54 |    28 ||   127
       Great sword       |       |       |    67 |   138 ||   205
Throw: Throwing net      |       |       |     1 |       ||     1
  Use: Scroll            |     3 |     4 |     7 |     3 ||    17
       Potion            |       |     2 |     1 |     5 ||     8
 Stab: Invisible         |       |       |     1 |       ||     1
Armor: Leather armour    |    10 |       |       |       ||    10
       Chain mail        |    45 |    86 |   117 |       ||   248
       Plate armour      |       |       |    19 |    75 ||    94
Dodge: Dodged            |    36 |    64 |   168 |    63 ||   331
       Rpst.: Long sword |    11 |    15 |    23 |       ||    49
       Great sword       |       |       |    16 |    16 ||    32
